Workbook
Name A: [1]LISTA!$E$1:$E$6
Name DESCRIÇÃO_DO_ITEM: #N/A
Name FatSabadoOut: '[2]TrafContExpan-NoPrint'!$O$5
Name FatSextaOut: '[2]TrafContExpan-NoPrint'!$O$4
Name FONTES: [3]LISTA!$E$1:$E$6
Name grf: [4]LISTA!$E$1:$E$6
Name hf: [5]LISTA!$E$1:$E$6
Name M: [1]LISTA!$E$1:$E$6
Name TIPO_BDI: [6]LISTA!$A$1:$A$3
Name TIPO2_BDI: [6]LISTA!$C$1:$C$4
Name TxCresc: '[2]TodasTraf-2000-NoPrint'!$C$7:$L$17
Name XXX: [7]LISTA!$E$1:$E$6

Sheet Resumo do Orçamento
D1: Obra | E1: Bancos | F1: B.D.I. | I1: Encargos Sociais
D2: Obra de Construção de Auditorio e Area de Vivencia da Camara Municipal de Mamanguape | E2: SINAPI - 04/2025 - Paraíba SBC - 06/2025 - Paraíba ORSE - 03/2025 - Sergipe SEINFRA - 028 - Ceará | F2: 21,51% | I2: Não Desonerado: embutido nos preços unitário dos insumos de mão de obra, de acordo com as bases.
A3: Planilha Orçamentária Resumida
A4: Item | D4: Descrição | H4: Quant. | I4: Total
A5: 1 | D5: SERVIÇOS PRELIMINARES | H5: 1 | I5: 2767.09
A6: 2 | D6: AUDITORIO | H6: 1 | I6: 506193.96
A7: 3 | D7: AREA DE VIVENCIA | H7: 1 | I7: 34849.05
E9: Total sem BDI | G9: 447263.24
E10: Total do BDI | G10: 96546.86
E11: Total Geral | G11: 543810.1
A13: _______________________________________________________________

Sheet Orçamento Sintético
D1: Obra | E1: Bancos | G1: B.D.I. | I1: Encargos Sociais
D2: Obra de Construção de Auditorio e Area de Vivencia da Camara Municipal de Mamanguape | E2: SINAPI - 04/2025 - Paraíba SBC - 06/2025 - Paraíba ORSE - 03/2025 - Sergipe SEINFRA - 028 - Ceará | G2: 21,51% | I2: Não Desonerado: embutido nos preços unitário dos insumos de mão de obra, de acordo com as bases.
H3: Valor Final do Orçamento | J3: =I6 + I9 + I153 -> 543810.1
H4: BDI | J4: 0.2151
A5: Item | B5: Código | C5: Banco | D5: Descrição | E5: Und | F5: Quant. | G5: Valor Unit | H5: Valor Unit com BDI | I5: Total | J5: Peso (%)
A6: 1 | D6: SERVIÇOS PRELIMINARES | F6: 1 | H6: =I7 + I8 -> 2767.09 | I6: =TRUNC(F6 * H6,2) -> 2767.09 | J6: =I6 / J3 -> 0.0050883387
A7: 1.1 | B7: PAV4 | C7: Próprio | D7: ART DE EXECUÇÃO | E7: Und | F7: 1 | G7: 208.19 | H7: =TRUNC(TRUNC(G7 * J4, 2) + G7, 2) -> 252.97 | I7: =TRUNC(F7 * H7,2) -> 252.97 | J7: =I7 / J3 -> 0.00046518077
A8: 1.2 | B8: 103689 | C8: SINAPI | D8: FORNECIMENTO E INSTALAÇÃO DE PLACA DE OBRA COM CHAPA GALVANIZADA E ESTRUTURA DE MADEIRA. AF_03/2022_PS | E8: m² | F8: 6 | G8: 344.85 | H8: =TRUNC(TRUNC(G8 * J4, 2) + G8, 2) -> 419.02 | I8: =TRUNC(F8 * H8,2) -> 2514.12 | J8: =I8 / J3 -> 0.004623158
A9: 2 | D9: AUDITORIO | F9: 1 | H9: =I10 + I16 + I28 + I34 + I63 + I76 + I87 + I90 + I127 + I132 + I135 + I142 + I146 + I151 -> 506193.96 | I9: =TRUNC(F9 * H9,2) -> 506193.96 | J9: =I9 / J3 -> 0.93082854
A10: 2.1 | D10: RETIRADAS E DEMOLIÇÕES | F10: 1 | H10: =I11 + I12 + I13 + I14 + I15 -> 17419.03 | I10: =TRUNC(F10 * H10,2) -> 17419.03 | J10: =I10 / J3 -> 0.032031457
A11: 2.1.1 | B11: 97635 | C11: SINAPI | D11: REMOÇÃO DE PISO DE BLOCO INTERTRAVADO OU DE PEDRA PORTUGUESA, DE FORMA MANUAL, COM REAPROVEITAMENTO. AF_09/2023 | E11: m² | F11: 270.89 | G11: 13.46 | H11: =TRUNC(TRUNC(G11 * J4, 2) + G11, 2) -> 16.35 | I11: =TRUNC(F11 * H11,2) -> 4429.05 | J11: =I11 / J3 -> 0.0081444791
A12: 2.1.2 | B12: 022974 | C12: SBC | D12: REMOCAO POSTE METALICO ENGT CONCR DE 5A7M C/E S/ REAPROVEIT. | E12: UN | F12: 3 | G12: 577.25 | H12: =TRUNC(TRUNC(G12 * J4, 2) + G12, 2) -> 701.41 | I12: =TRUNC(F12 * H12,2) -> 2104.23 | J12: =I12 / J3 -> 0.0038694206
A13: 2.1.3 | B13: 105009 | C13: SINAPI | D13: LOCAÇÃO CONVENCIONAL DE OBRA, UTILIZANDO GABARITO DE TÁBUAS CORRIDAS PONTALETADAS A CADA 1,50M - 2 UTILIZAÇÕES. AF_03/2024 | E13: M | F13: 73.2 | G13: 54.7 | H13: =TRUNC(TRUNC(G13 * J4, 2) + G13, 2) -> 66.46 | I13: =TRUNC(F13 * H13,2) -> 4864.87 | J13: =I13 / J3 -> 0.0089458986
A14: 2.1.4 | B14: 101134 | C14: SINAPI | D14: ESCAVAÇÃO HORIZONTAL, INCLUINDO CARGA, DESCARGA E TRANSPORTE EM SOLO DE 1A CATEGORIA COM TRATOR DE ESTEIRAS (100HP/LÂMINA: 2,19M3) E CAMINHÃO BASCULANTE DE 10M3, DMT ATÉ 200M. AF_07/2020 | E14: m³ | F14: 390.71 | G14: 11.45 | H14: =TRUNC(TRUNC(G14 * J4, 2) + G14, 2) -> 13.91 | I14: =TRUNC(F14 * H14,2) -> 5434.77 | J14: =I14 / J3 -> 0.0099938747
A15: 2.1.5 | B15: 97621 | C15: SINAPI | D15: DEMOLIÇÃO DE ALVENARIA DE BLOCO FURADO, DE FORMA MANUAL, COM REAPROVEITAMENTO. AF_09/2023 | E15: m³ | F15: 5.88 | G15: 82.04 | H15: =TRUNC(TRUNC(G15 * J4, 2) + G15, 2) -> 99.68 | I15: =TRUNC(F15 * H15,2) -> 586.11 | J15: =I15 / J3 -> 0.0010777843
A16: 2.2 | D16: SUPERESTRUTURAS | F16: 1 | H16: =I17 + I18 + I19 + I20 + I21 + I22 + I23 + I24 + I25 + I26 + I27 -> 55953.83 | I16: =TRUNC(F16 * H16,2) -> 55953.83 | J16: =I16 / J3 -> 0.10289222
A17: 2.2.1 | B17: 104918 | C17: SINAPI | D17: ARMAÇÃO DE SAPATA ISOLADA, VIGA BALDRAME E SAPATA CORRIDA UTILIZANDO AÇO CA-50 DE 8 MM - MONTAGEM. AF_01/2024 | E17: KG | F17: 71 | G17: 10.3 | H17: =TRUNC(TRUNC(G17 * J4, 2) + G17, 2) -> 12.51 | I17: =TRUNC(F17 * H17,2) -> 888.21 | J17: =I17 / J3 -> 0.0016333091
A18: 2.2.2 | B18: 92760 | C18: SINAPI | D18: ARMAÇÃO DE PILAR OU VIGA DE ESTRUTURA CONVENCIONAL DE CONCRETO ARMADO UTILIZANDO AÇO CA-50 DE 6,3 MM - MONTAGEM. AF_06/2022 | E18: KG | F18: 1.5 | G18: 9.57 | H18: =TRUNC(TRUNC(G18 * J4, 2) + G18, 2) -> 11.62 | I18: =TRUNC(F18 * H18,2) -> 17.43 | J18: =I18 / J3 -> 3.205163e-05
A19: 2.2.3 | B19: 92761 | C19: SINAPI | D19: ARMAÇÃO DE PILAR OU VIGA DE ESTRUTURA CONVENCIONAL DE CONCRETO ARMADO UTILIZANDO AÇO CA-50 DE 8,0 MM - MONTAGEM. AF_06/2022 | E19: KG | F19: 476 | G19: 9.01 | H19: =TRUNC(TRUNC(G19 * J4, 2) + G19, 2) -> 10.94 | I19: =TRUNC(F19 * H19,2) -> 5207.44 | J19: =I19 / J3 -> 0.0095758427
A20: 2.2.4 | B20: 92762 | C20: SINAPI | D20: ARMAÇÃO DE PILAR OU VIGA DE ESTRUTURA CONVENCIONAL DE CONCRETO ARMADO UTILIZANDO AÇO CA-50 DE 10,0 MM - MONTAGEM. AF_06/2022 | E20: KG | F20: 74.2 | G20: 8.06 | H20: =TRUNC(TRUNC(G20 * J4, 2) + G20, 2) -> 9.79 | I20: =TRUNC(F20 * H20,2) -> 726.41 | J20: =I20 / J3 -> 0.0013357788
A21: 2.2.5 | B21: 92763 | C21: SINAPI | D21: ARMAÇÃO DE PILAR OU VIGA DE ESTRUTURA CONVENCIONAL DE CONCRETO ARMADO UTILIZANDO AÇO CA-50 DE 12,5 MM - MONTAGEM. AF_06/2022 | E21: KG | F21: 69.6 | G21: 6.78 | H21: =TRUNC(TRUNC(G21 * J4, 2) + G21, 2) -> 8.23 | I21: =TRUNC(F21 * H21,2) -> 572.8 | J21: =I21 / J3 -> 0.0010533089
A22: 2.2.6 | B22: 92759 | C22: SINAPI | D22: ARMAÇÃO DE PILAR OU VIGA DE ESTRUTURA CONVENCIONAL DE CONCRETO ARMADO UTILIZANDO AÇO CA-60 DE 5,0 MM - MONTAGEM. AF_06/2022 | E22: KG | F22: 223 | G22: 10.07 | H22: =TRUNC(TRUNC(G22 * J4, 2) + G22, 2) -> 12.23 | I22: =TRUNC(F22 * H22,2) -> 2727.29 | J22: =I22 / J3 -> 0.0050151514
A23: 2.2.7 | B23: 92762 | C23: SINAPI | D23: ARMAÇÃO DE PILAR OU VIGA DE ESTRUTURA CONVENCIONAL DE CONCRETO ARMADO UTILIZANDO AÇO CA-50 DE 10,0 MM - MONTAGEM. AF_06/2022 | E23: KG | F23: 593.5 | G23: 8.06 | H23: =TRUNC(TRUNC(G23 * J4, 2) + G23, 2) -> 9.79 | I23: =TRUNC(F23 * H23,2) -> 5810.36 | J23: =I23 / J3 -> 0.010684539
A24: 2.2.8 | B24: 92763 | C24: SINAPI | D24: ARMAÇÃO DE PILAR OU VIGA DE ESTRUTURA CONVENCIONAL DE CONCRETO ARMADO UTILIZANDO AÇO CA-50 DE 12,5 MM - MONTAGEM. AF_06/2022 | E24: KG | F24: 548.7 | G24: 6.78 | H24: =TRUNC(TRUNC(G24 * J4, 2) + G24, 2) -> 8.23 | I24: =TRUNC(F24 * H24,2) -> 4515.8 | J24: =I24 / J3 -> 0.0083040017
A25: 2.2.9 | B25: 92759 | C25: SINAPI | D25: ARMAÇÃO DE PILAR OU VIGA DE ESTRUTURA CONVENCIONAL DE CONCRETO ARMADO UTILIZANDO AÇO CA-60 DE 5,0 MM - MONTAGEM. AF_06/2022 | E25: KG | F25: 174.2 | G25: 10.07 | H25: =TRUNC(TRUNC(G25 * J4, 2) + G25, 2) -> 12.23 | I25: =TRUNC(F25 * H25,2) -> 2130.46 | J25: =I25 / J3 -> 0.0039176543
A26: 2.2.10 | B26: 96536 | C26: SINAPI | D26: FABRICAÇÃO, MONTAGEM E DESMONTAGEM DE FÔRMA PARA VIGA BALDRAME, EM MADEIRA SERRADA, E=25 MM, 4 UTILIZAÇÕES. AF_01/2024 | E26: m² | F26: 359.4 | G26: 54.05 | H26: =TRUNC(TRUNC(G26 * J4, 2) + G26, 2) -> 65.67 | I26: =TRUNC(F26 * H26,2) -> 23601.79 | J26: =I26 / J3 -> 0.043400794
A27: 2.2.11 | B27: 94966 | C27: SINAPI | D27: CONCRETO FCK = 30MPA, TRAÇO 1:2,1:2,5 (EM MASSA SECA DE CIMENTO/ AREIA MÉDIA/ BRITA 1) - PREPARO MECÂNICO COM BETONEIRA 400 L. AF_05/2021 | E27: m³ | F27: 21.5 | G27: 373.44 | H27: =TRUNC(TRUNC(G27 * J4, 2) + G27, 2) -> 453.76 | I27: =TRUNC(F27 * H27,2) -> 9755.84 | J27: =I27 / J3 -> 0.017939792
A28: 2.3 | D28: ALVENARIAS E ELEVAÇÕES | F28: 1 | H28: =I29 + I30 + I31 + I32 + I33 -> 85984.58 | I28: =TRUNC(F28 * H28,2) -> 85984.58 | J28: =I28 / J3 -> 0.15811508
A29: 2.3.1 | B29: 103328 | C29: SINAPI | D29: ALVENARIA DE VEDAÇÃO DE BLOCOS CERÂMICOS FURADOS NA HORIZONTAL DE 9X19X19 CM (ESPESSURA 9 CM) E ARGAMASSA DE ASSENTAMENTO COM PREPARO EM BETONEIRA. AF_12/2021 | E29: m² | F29: 495.18 | G29: 64.82 | H29: =TRUNC(TRUNC(G29 * J4, 2) + G29, 2) -> 78.76 | I29: =TRUNC(F29 * H29,2) -> 39000.37 | J29: =I29 / J3 -> 0.071716892
A30: 2.3.2 | B30: 87904 | C30: SINAPI | D30: CHAPISCO APLICADO EM ALVENARIA (COM PRESENÇA DE VÃOS) E ESTRUTURAS DE CONCRETO DE FACHADA, COM COLHER DE PEDREIRO. ARGAMASSA TRAÇO 1:3 COM PREPARO MANUAL. AF_10/2022 | E30: m² | F30: 990.37 | G30: 5.91 | H30: =TRUNC(TRUNC(G30 * J4, 2) + G30, 2) -> 7.18 | I30: =TRUNC(F30 * H30,2) -> 7110.85 | J30: =I30 / J3 -> 0.01307598
A31: 2.3.3 | B31: 87794 | C31: SINAPI | D31: EMBOÇO OU MASSA ÚNICA EM ARGAMASSA TRAÇO 1:2:8, PREPARO MANUAL, APLICADA MANUALMENTE EM PANOS CEGOS DE FACHADA (SEM PRESENÇA DE VÃOS), ESPESSURA DE 25 MM. AF_09/2022 | E31: m² | F31: 990.37 | G31: 31.2 | H31: =TRUNC(TRUNC(G31 * J4, 2) + G31, 2) -> 37.91 | I31: =TRUNC(F31 * H31,2) -> 37544.92 | J31: =I31 / J3 -> 0.069040498
A32: 2.3.4 | B32: 105025 | C32: SINAPI | D32: VERGA MOLDADA IN LOCO COM UTILIZAÇÃO DE BLOCOS CANALETA, ESPESSURA DE *15* CM. AF_03/2024 | E32: M | F32: 31.9 | G32: 41.43 | H32: =TRUNC(TRUNC(G32 * J4, 2) + G32, 2) -> 50.34 | I32: =TRUNC(F32 * H32,2) -> 1605.84 | J32: =I32 / J3 -> 0.0029529426
A33: 2.3.5 | B33: 105031 | C33: SINAPI | D33: CONTRAVERGA MOLDADA IN LOCO COM UTILIZAÇÃO DE BLOCOS CANALETA, ESPESSURA DE *15* CM. AF_03/2024 | E33: M | F33: 17.75 | G33: 33.51 | H33: =TRUNC(TRUNC(G33 * J4, 2) + G33, 2) -> 40.71 | I33: =TRUNC(F33 * H33,2) -> 722.6 | J33: =I33 / J3 -> 0.0013287727
A34: 2.4 | D34: INSTALAÇÕES ELETRICAS | F34: 1 | H34: =I35 + I36 + I37 + I38 + I39 + I40 + I41 + I42 + I43 + I44 + I45 + I46 + I47 + I48 + I49 + I50 + I51 + I52 + I53 + I54 + I55 + I56 + I57 + I58 + I59 + I60 + I61 + I62 -> 25201.75 | I34: =TRUNC(F34 * H34,2) -> 25201.75 | J34: =I34 / J3 -> 0.046342924
A35: 2.4.1 | B35: 91940 | C35: SINAPI | D35: CAIXA RETANGULAR 4" X 2" MÉDIA (1,30 M DO PISO), PVC, INSTALADA EM PAREDE - FORNECIMENTO E INSTALAÇÃO. AF_03/2023 | E35: UN | F35: 59 | G35: 11.68 | H35: =TRUNC(TRUNC(G35 * J4, 2) + G35, 2) -> 14.19 | I35: =TRUNC(F35 * H35,2) -> 837.21 | J35: =I35 / J3 -> 0.0015395264
A36: 2.4.2 | B36: 061441 | C36: SBC | D36: CAIXA DE PISO 4X4 FECHADA E BAIXA TRAMONTINA | E36: UN | F36: 4 | G36: 31.07 | H36: =TRUNC(TRUNC(G36 * J4, 2) + G36, 2) -> 37.75 | I36: =TRUNC(F36 * H36,2) -> 151 | J36: =I36 / J3 -> 0.00027767046
A37: 2.4.3 | B37: 91936 | C37: SINAPI | D37: CAIXA OCTOGONAL 4" X 4", PVC, INSTALADA EM LAJE - FORNECIMENTO E INSTALAÇÃO. AF_03/2023 | E37: UN | F37: 53 | G37: 10.39 | H37: =TRUNC(TRUNC(G37 * J4, 2) + G37, 2) -> 12.62 | I37: =TRUNC(F37 * H37,2) -> 668.86 | J37: =I37 / J3 -> 0.0012299514
A38: 2.4.4 | B38: 1119 | C38: ORSE | D38: Curva 90º de pvc rígido soldável, marrom diâm = 40mm | E38: un | F38: 1 | G38: 17.52 | H38: =TRUNC(TRUNC(G38 * J4, 2) + G38, 2) -> 21.28 | I38: =TRUNC(F38 * H38,2) -> 21.28 | J38: =I38 / J3 -> 3.9131307e-05
A39: 2.4.5 | B39: 104450 | C39: SINAPI | D39: LUVA DE EMENDA PARA ELETRODUTO, AÇO GALVANIZADO, DN 40 MM (1 1/2''), APARENTE - FORNECIMENTO E INSTALAÇÃO. AF_10/2022 | E39: UN | F39: 2 | G39: 10.32 | H39: =TRUNC(TRUNC(G39 * J4, 2) + G39, 2) -> 12.53 | I39: =TRUNC(F39 * H39,2) -> 25.06 | J39: =I39 / J3 -> 4.6082263e-05
A40: 2.4.6 | B40: 93660 | C40: SINAPI | D40: DISJUNTOR BIPOLAR TIPO DIN, CORRENTE NOMINAL DE 10A - FORNECIMENTO E INSTALAÇÃO. AF_10/2020 | E40: UN | F40: 5 | G40: 38.4 | H40: =TRUNC(TRUNC(G40 * J4, 2) + G40, 2) -> 46.65 | I40: =TRUNC(F40 * H40,2) -> 233.25 | J40: =I40 / J3 -> 0.00042891811
A41: 2.4.7 | B41: 93661 | C41: SINAPI | D41: DISJUNTOR BIPOLAR TIPO DIN, CORRENTE NOMINAL DE 16A - FORNECIMENTO E INSTALAÇÃO. AF_10/2020 | E41: UN | F41: 6 | G41: 39.28 | H41: =TRUNC(TRUNC(G41 * J4, 2) + G41, 2) -> 47.72 | I41: =TRUNC(F41 * H41,2) -> 286.32 | J41: =I41 / J3 -> 0.00052650732
A42: 2.4.8 | B42: 93662 | C42: SINAPI | D42: DISJUNTOR BIPOLAR TIPO DIN, CORRENTE NOMINAL DE 20A - FORNECIMENTO E INSTALAÇÃO. AF_10/2020 | E42: UN | F42: 6 | G42: 41.03 | H42: =TRUNC(TRUNC(G42 * J4, 2) + G42, 2) -> 49.85 | I42: =TRUNC(F42 * H42,2) -> 299.1 | J42: =I42 / J3 -> 0.00055000817
A43: 2.4.9 | B43: 93673 | C43: SINAPI | D43: DISJUNTOR TRIPOLAR TIPO DIN, CORRENTE NOMINAL DE 50A - FORNECIMENTO E INSTALAÇÃO. AF_10/2020 | E43: UN | F43: 1 | G43: 66.49 | H43: =TRUNC(TRUNC(G43 * J4, 2) + G43, 2) -> 80.79 | I43: =TRUNC(F43 * H43,2) -> 80.79 | J43: =I43 / J3 -> 0.00014856289
A44: 2.4.10 | B44: 91953 | C44: SINAPI | D44: INTERRUPTOR SIMPLES (1 MÓDULO), 10A/250V, INCLUINDO SUPORTE E PLACA - FORNECIMENTO E INSTALAÇÃO. AF_03/2023 | E44: UN | F44: 5 | G44: 20.18 | H44: =TRUNC(TRUNC(G44 * J4, 2) + G44, 2) -> 24.52 | I44: =TRUNC(F44 * H44,2) -> 122.6 | J44: =I44 / J3 -> 0.00022544635
A45: 2.4.11 | B45: 654 | C45: ORSE | D45: Caixa de derivação em pvc 4" x 2" c/tampa cega, embutir, p/eletroduto | E45: un | F45: 7 | G45: 9 | H45: =TRUNC(TRUNC(G45 * J4, 2) + G45, 2) -> 10.93 | I45: =TRUNC(F45 * H45,2) -> 76.51 | J45: =I45 / J3 -> 0.0001406925
A46: 2.4.12 | B46: 91996 | C46: SINAPI | D46: TOMADA MÉDIA DE EMBUTIR (1 MÓDULO), 2P+T 10 A, INCLUINDO SUPORTE E PLACA - FORNECIMENTO E INSTALAÇÃO. AF_03/2023 | E46: UN | F46: 28 | G46: 23.81 | H46: =TRUNC(TRUNC(G46 * J4, 2) + G46, 2) -> 28.93 | I46: =TRUNC(F46 * H46,2) -> 810.04 | J46: =I46 / J3 -> 0.0014895641
A47: 2.4.13 | B47: 92004 | C47: SINAPI | D47: TOMADA MÉDIA DE EMBUTIR (2 MÓDULOS), 2P+T 10 A, INCLUINDO SUPORTE E PLACA - FORNECIMENTO E INSTALAÇÃO. AF_03/2023 | E47: UN | F47: 8 | G47: 38.01 | H47: =TRUNC(TRUNC(G47 * J4, 2) + G47, 2) -> 46.18 | I47: =TRUNC(F47 * H47,2) -> 369.44 | J47: =I47 / J3 -> 0.0006793548
A48: 2.4.14 | B48: 91959 | C48: SINAPI | D48: INTERRUPTOR SIMPLES (2 MÓDULOS), 10A/250V, INCLUINDO SUPORTE E PLACA - FORNECIMENTO E INSTALAÇÃO. AF_03/2023 | E48: UN | F48: 1 | G48: 30.74 | H48: =TRUNC(TRUNC(G48 * J4, 2) + G48, 2) -> 37.35 | I48: =TRUNC(F48 * H48,2) -> 37.35 | J48: =I48 / J3 -> 6.8682064e-05
A49: 2.4.15 | B49: 91967 | C49: SINAPI | D49: INTERRUPTOR SIMPLES (3 MÓDULOS), 10A/250V, INCLUINDO SUPORTE E PLACA - FORNECIMENTO E INSTALAÇÃO. AF_03/2023 | E49: UN | F49: 3 | G49: 41.31 | H49: =TRUNC(TRUNC(G49 * J4, 2) + G49, 2) -> 50.19 | I49: =TRUNC(F49 * H49,2) -> 150.57 | J49: =I49 / J3 -> 0.00027687974
A50: 2.4.16 | B50: 062182 | C50: SBC | D50: TOMADA PISO 2P UNIVERSAL 10A-250V | E50: UN | F50: 4 | G50: 44.49 | H50: =TRUNC(TRUNC(G50 * J4, 2) + G50, 2) -> 54.05 | I50: =TRUNC(F50 * H50,2) -> 216.2 | J50: =I50 / J3 -> 0.00039756525
A51: 2.4.17 | B51: 93674 | C51: SINAPI | D51: DISJUNTOR BIPOLAR TIPO DR, CORRENTE NOMINAL DE 25A - FORNECIMENTO E INSTALAÇÃO. AF_10/2020 | E51: UN | F51: 1 | G51: 36.18 | H51: =TRUNC(TRUNC(G51 * J4, 2) + G51, 2) -> 43.96 | I51: =TRUNC(F51 * H51,2) -> 43.96 | J51: =I51 / J3 -> 8.0837042e-05
A52: 2.4.18 | B52: 97296 | C52: SINAPI | D52: CURVA HORIZONTAL 90º, PARA ELETROCALHA, LISA OU PERFURADA EM AÇO GALVANIZADO, LARGURA DE 400MM E ALTURA DE 50MM - FORNECIMENTO E INSTALAÇÃO. AF_04/2023 | E52: UN | F52: 3 | G52: 99.07 | H52: =TRUNC(TRUNC(G52 * J4, 2) + G52, 2) -> 120.37 | I52: =TRUNC(F52 * H52,2) -> 361.11 | J52: =I52 / J3 -> 0.00066403695
A53: 2.4.19 | B53: 97244 | C53: SINAPI | D53: ELETROCALHA LISA OU PERFURADA EM AÇO GALVANIZADO, LARGURA 400MM E ALTURA 50MM, INCLUSIVE EMENDA E FIXAÇÃO - FORNECIMENTO E INSTALAÇÃO. AF_04/2023 | E53: M | F53: 30 | G53: 97.01 | H53: =TRUNC(TRUNC(G53 * J4, 2) + G53, 2) -> 117.87 | I53: =TRUNC(F53 * H53,2) -> 3536.1 | J53: =I53 / J3 -> 0.0065024537
A54: 2.4.20 | B54: 55865 | C54: SINAPI | D54: ELETRODUTO DE PVC RIGIDO ROSCAVEL DN 40MM (1 1/2") INCL CONEXOES, FORNECIMENTO E INSTALACAO | E54: M | F54: 12.99 | G54: 25.51 | H54: =TRUNC(TRUNC(G54 * J4, 2) + G54, 2) -> 30.99 | I54: =TRUNC(F54 * H54,2) -> 402.56 | J54: =I54 / J3 -> 0.00074025841
A55: 2.4.21 | B55: 91833 | C55: SINAPI | D55: ELETRODUTO FLEXÍVEL CORRUGADO REFORÇADO, PVC, DN 20 MM (1/2"), PARA CIRCUITOS TERMINAIS, INSTALADO EM FORRO - FORNECIMENTO E INSTALAÇÃO. AF_03/2023 | E55: M | F55: 187 | G55: 12.64 | H55: =TRUNC(TRUNC(G55 * J4, 2) + G55, 2) -> 15.35 | I55: =TRUNC(F55 * H55,2) -> 2870.45 | J55: =I55 / J3 -> 0.0052784051
A56: 2.4.22 | B56: 91835 | C56: SINAPI | D56: ELETRODUTO FLEXÍVEL CORRUGADO REFORÇADO, PVC, DN 25 MM (3/4"), PARA CIRCUITOS TERMINAIS, INSTALADO EM FORRO - FORNECIMENTO E INSTALAÇÃO. AF_03/2023 | E56: M | F56: 108.54 | G56: 13.91 | H56: =TRUNC(TRUNC(G56 * J4, 2) + G56, 2) -> 16.9 | I56: =TRUNC(F56 * H56,2) -> 1834.32 | J56: =I56 / J3 -> 0.0033730892
A57: 2.4.23 | B57: 91924 | C57: SINAPI | D57: CABO DE COBRE FLEXÍVEL ISOLADO, 1,5 MM², ANTI-CHAMA 450/750 V, PARA CIRCUITOS TERMINAIS - FORNECIMENTO E INSTALAÇÃO. AF_03/2023 | E57: M | F57: 610 | G57: 2.37 | H57: =TRUNC(TRUNC(G57 * J4, 2) + G57, 2) -> 2.87 | I57: =TRUNC(F57 * H57,2) -> 1750.7 | J57: =I57 / J3 -> 0.0032193223
A58: 2.4.24 | B58: 91926 | C58: SINAPI | D58: CABO DE COBRE FLEXÍVEL ISOLADO, 2,5 MM², ANTI-CHAMA 450/750 V, PARA CIRCUITOS TERMINAIS - FORNECIMENTO E INSTALAÇÃO. AF_03/2023 | E58: M | F58: 610 | G58: 3.47 | H58: =TRUNC(TRUNC(G58 * J4, 2) + G58, 2) -> 4.21 | I58: =TRUNC(F58 * H58,2) -> 2568.1 | J58: =I58 / J3 -> 0.0047224206
A59: 2.4.25 | B59: 91928 | C59: SINAPI | D59: CABO DE COBRE FLEXÍVEL ISOLADO, 4 MM², ANTI-CHAMA 450/750 V, PARA CIRCUITOS TERMINAIS - FORNECIMENTO E INSTALAÇÃO. AF_03/2023 | E59: M | F59: 395 | G59: 5.44 | H59: =TRUNC(TRUNC(G59 * J4, 2) + G59, 2) -> 6.61 | I59: =TRUNC(F59 * H59,2) -> 2610.95 | J59: =I59 / J3 -> 0.0048012165
A60: 2.4.26 | B60: 91930 | C60: SINAPI | D60: CABO DE COBRE FLEXÍVEL ISOLADO, 6 MM², ANTI-CHAMA 450/750 V, PARA CIRCUITOS TERMINAIS - FORNECIMENTO E INSTALAÇÃO. AF_03/2023 | E60: M | F60: 200 | G60: 7.65 | H60: =TRUNC(TRUNC(G60 * J4, 2) + G60, 2) -> 9.29 | I60: =TRUNC(F60 * H60,2) -> 1858 | J60: =I60 / J3 -> 0.0034166339
A61: 2.4.27 | B61: 103784 | C61: SINAPI | D61: LUMINÁRIA TIPO PLAFON QUADRADA, DE SOBREPOR, COM LED DE 18 W - FORNECIMENTO E INSTALAÇÃO. AF_09/2024 | E61: UN | F61: 53 | G61: 34.61 | H61: =TRUNC(TRUNC(G61 * J4, 2) + G61, 2) -> 42.05 | I61: =TRUNC(F61 * H61,2) -> 2228.65 | J61: =I61 / J3 -> 0.0040982137
A62: 2.4.28 | B62: 12229 | C62: ORSE | D62: Quadro de distribuição de embutir, em chapa de aço, para até 36 disjuntores, com barramento, padrão DIN, exclusive disjuntores | E62: un | F62: 1 | G62: 618.28 | H62: =TRUNC(TRUNC(G62 * J4, 2) + G62, 2) -> 751.27 | I62: =TRUNC(F62 * H62,2) -> 751.27 | J62: =I62 / J3 -> 0.0013814933
A63: 2.5 | D63: LOUÇAS E METAIS | F63: 1 | H63: =I64 + I65 + I66 + I67 + I68 + I69 + I70 + I71 + I72 + I73 + I74 + I75 -> 27378.93 | I63: =TRUNC(F63 * H63,2) -> 27378.93 | J63: =I63 / J3 -> 0.05034649
A64: 2.5.1 | B64: 86931 | C64: SINAPI | D64: VASO SANITÁRIO SIFONADO COM CAIXA ACOPLADA LOUÇA BRANCA, INCLUSO ENGATE FLEXÍVEL EM PLÁSTICO BRANCO, 1/2 X 40CM - FORNECIMENTO E INSTALAÇÃO. AF_01/2020 | E64: UN | F64: 4 | G64: 388.4 | H64: =TRUNC(TRUNC(G64 * J4, 2) + G64, 2) -> 471.94 | I64: =TRUNC(F64 * H64,2) -> 1887.76 | J64: =I64 / J3 -> 0.0034713588
A65: 2.5.2 | B65: 95472 | C65: SINAPI | D65: VASO SANITARIO SIFONADO CONVENCIONAL PARA PCD SEM FURO FRONTAL COM LOUÇA BRANCA SEM ASSENTO, INCLUSO CONJUNTO DE LIGAÇÃO PARA BACIA SANITÁRIA AJUSTÁVEL - FORNECIMENTO E INSTALAÇÃO. AF_01/2020 | E65: UN | F65: 1 | G65: 606.33 | H65: =TRUNC(TRUNC(G65 * J4, 2) + G65, 2) -> 736.75 | I65: =TRUNC(F65 * H65,2) -> 736.75 | J65: =I65 / J3 -> 0.0013547928
A66: 2.5.3 | B66: 200067 | C66: SBC | D66: BANCADA SECA EM GRANITO BRANCO ITAUNAS | E66: m² | F66: 1.215 | G66: 396.45 | H66: =TRUNC(TRUNC(G66 * J4, 2) + G66, 2) -> 481.72 | I66: =TRUNC(F66 * H66,2) -> 585.28 | J66: =I66 / J3 -> 0.0010762581
A67: 2.5.4 | B67: 190188 | C67: SBC | D67: CUBA DE SOBREPOR RETANGULAR L.1061.17 DECA COM METAIS | E67: UN | F67: 4 | G67: 328.04 | H67: =TRUNC(TRUNC(G67 * J4, 2) + G67, 2) -> 398.6 | I67: =TRUNC(F67 * H67,2) -> 1594.4 | J67: =I67 / J3 -> 0.0029319058
A68: 2.5.5 | B68: 86941 | C68: SINAPI | D68: LAVATÓRIO LOUÇA BRANCA COM COLUNA, 45 X 55CM OU EQUIVALENTE, PADRÃO MÉDIO, INCLUSO SIFÃO TIPO GARRAFA, VÁLVULA E ENGATE FLEXÍVEL DE 40CM EM METAL CROMADO, COM TORNEIRA CROMADA DE MESA, PADRÃO MÉDIO - FORNECIMENTO E INSTALAÇÃO. AF_01/2020 | E68: UN | F68: 1 | G68: 613.44 | H68: =TRUNC(TRUNC(G68 * J4, 2) + G68, 2) -> 745.39 | I68: =TRUNC(F68 * H68,2) -> 745.39 | J68: =I68 / J3 -> 0.0013706807
A69: 2.5.6 | B69: 190429 | C69: SBC | D69: BANCADA EM GRANITO CINZA ANDORINHA | E69: m² | F69: 2.53 | G69: 365.37 | H69: =TRUNC(TRUNC(G69 * J4, 2) + G69, 2) -> 443.96 | I69: =TRUNC(F69 * H69,2) -> 1123.21 | J69: =I69 / J3 -> 0.0020654453
A70: 2.5.7 | B70: 86936 | C70: SINAPI | D70: CUBA DE EMBUTIR DE AÇO INOXIDÁVEL MÉDIA, INCLUSO VÁLVULA TIPO AMERICANA E SIFÃO TIPO GARRAFA EM METAL CROMADO - FORNECIMENTO E INSTALAÇÃO. AF_01/2020 | E70: UN | F70: 1 | G70: 361.59 | H70: =TRUNC(TRUNC(G70 * J4, 2) + G70, 2) -> 439.36 | I70: =TRUNC(F70 * H70,2) -> 439.36 | J70: =I70 / J3 -> 0.00080792909
A71: 2.5.8 | B71: 86915 | C71: SINAPI | D71: TORNEIRA CROMADA DE MESA, 1/2" OU 3/4", PARA LAVATÓRIO, PADRÃO MÉDIO - FORNECIMENTO E INSTALAÇÃO. AF_01/2020 | E71: UN | F71: 4 | G71: 118.48 | H71: =TRUNC(TRUNC(G71 * J4, 2) + G71, 2) -> 143.96 | I71: =TRUNC(F71 * H71,2) -> 575.84 | J71: =I71 / J3 -> 0.0010588991
A72: 2.5.9 | B72: 86910 | C72: SINAPI | D72: TORNEIRA CROMADA TUBO MÓVEL, DE PAREDE, 1/2" OU 3/4", PARA PIA DE COZINHA, PADRÃO MÉDIO - FORNECIMENTO E INSTALAÇÃO. AF_01/2020 | E72: UN | F72: 1 | G72: 105.7 | H72: =TRUNC(TRUNC(G72 * J4, 2) + G72, 2) -> 128.43 | I72: =TRUNC(F72 * H72,2) -> 128.43 | J72: =I72 / J3 -> 0.000236167
A73: 2.5.10 | B73: 100867 | C73: SINAPI | D73: BARRA DE APOIO RETA, EM ACO INOX POLIDO, COMPRIMENTO 70 CM, FIXADA NA PAREDE - FORNECIMENTO E INSTALAÇÃO. AF_01/2020 | E73: UN | F73: 2 | G73: 261.47 | H73: =TRUNC(TRUNC(G73 * J4, 2) + G73, 2) -> 317.71 | I73: =TRUNC(F73 * H73,2) -> 635.42 | J73: =I73 / J3 -> 0.0011684594
A74: 2.5.11 | B74: 99841 | C74: SINAPI | D74: GUARDA-CORPO PANORÂMICO COM PERFIS DE ALUMÍNIO E VIDRO LAMINADO 8 MM, FIXADO COM CHUMBADOR MECÂNICO. AF_04/2019_PS | E74: M | F74: 13.88 | G74: 929.69 | H74: =TRUNC(TRUNC(G74 * J4, 2) + G74, 2) -> 1129.66 | I74: =TRUNC(F74 * H74,2) -> 15679.68 | J74: =I74 / J3 -> 0.028833006
A75: 2.5.12 | B75: 090043 | C75: SBC | D75: DIVISORIA SANITARIA DE GRANITO E+3CM H=1,80 COM FERRAGENS | E75: m² | F75: 7.95 | G75: 336.17 | H75: =TRUNC(TRUNC(G75 * J4, 2) + G75, 2) -> 408.48 | I75: =TRUNC(F75 * H75,2) -> 3247.41 | J75: =I75 / J3 -> 0.0059715882
A76: 2.6 | D76: ESQUADRIAS | F76: 1 | H76: =I77 + I78 + I79 + I80 + I81 + I82 + I83 + I84 + I85 + I86 -> 35552.87 | I76: =TRUNC(F76 * H76,2) -> 35552.87 | J76: =I76 / J3 -> 0.065377362
A77: 2.6.1 | B77: 94570 | C77: SINAPI | D77: JANELA DE ALUMÍNIO DE CORRER COM 2 FOLHAS PARA VIDROS (VIDROS INCLUSOS), BATENTE/ REQUADRO 6 A 14 CM, ACABAMENTO COM ACETATO OU BRILHANTE, FIXAÇÃO COM PARAFUSO, SEM GUARNIÇÃO/ ALIZAR, DIMENSÕES 100X120 CM, VEDAÇÃO COM SILICONE, EXCLUSIVE CONTRAMARCO - FORNECIMENTO E INSTALAÇÃO. AF_11/2024 | E77: m² | F77: 15.98 | G77: 271.71 | H77: =TRUNC(TRUNC(G77 * J4, 2) + G77, 2) -> 330.15 | I77: =TRUNC(F77 * H77,2) -> 5275.79 | J77: =I77 / J3 -> 0.00970153
A78: 2.6.2 | B78: 105810 | C78: SINAPI | D78: JANELA DE ALUMÍNIO TIPO MAXIM-AR, VIDRO INCLUSO, COM BANDEIRA, FIXAÇÃO COM PARAFUSO, SEM GUARNIÇÃO/ ALIZAR, DIMENSÕES 100X80 (A X L) CM, SEM ACABAMENTO, VEDAÇÃO COM SILICONE, EXCLUSIVE CONTRAMARCO - FORNECIMENTO E INSTALAÇÃO. AF_11/2024 | E78: m² | F78: 1 | G78: 674.74 | H78: =TRUNC(TRUNC(G78 * J4, 2) + G78, 2) -> 819.87 | I78: =TRUNC(F78 * H78,2) -> 819.87 | J78: =I78 / J3 -> 0.0015076403
A79: 2.6.3 | B79: 150210 | C79: SBC | D79: PORTA DUPLA EM VIDRO LAMINADO INCOLOR 8mm COM FERRAGENS | E79: m² | F79: 9.35 | G79: 1190.42 | H79: =TRUNC(TRUNC(G79 * J4, 2) + G79, 2) -> 1446.47 | I79: =TRUNC(F79 * H79,2) -> 13524.49 | J79: =I79 / J3 -> 0.024869876
A80: 2.6.4 | B80: 100687 | C80: SINAPI | D80: KIT DE PORTA DE MADEIRA FRISADA, SEMI-OCA (LEVE OU MÉDIA), PADRÃO MÉDIO, 60X210CM, ESPESSURA DE 3,5CM, ITENS INCLUSOS: DOBRADIÇAS, MONTAGEM E INSTALAÇÃO DE BATENTE, FECHADURA COM EXECUÇÃO DO FURO - FORNECIMENTO E INSTALAÇÃO. AF_12/2019 | E80: UN | F80: 4 | G80: 743.04 | H80: =TRUNC(TRUNC(G80 * J4, 2) + G80, 2) -> 902.86 | I80: =TRUNC(F80 * H80,2) -> 3611.44 | J80: =I80 / J3 -> 0.0066409947
A81: 2.6.5 | B81: 100689 | C81: SINAPI | D81: KIT DE PORTA DE MADEIRA FRISADA, SEMI-OCA (LEVE OU MÉDIA), PADRÃO MÉDIO, 80X210CM, ESPESSURA DE 3,5CM, ITENS INCLUSOS: DOBRADIÇAS, MONTAGEM E INSTALAÇÃO DE BATENTE, FECHADURA COM EXECUÇÃO DO FURO - FORNECIMENTO E INSTALAÇÃO. AF_12/2019 | E81: UN | F81: 1 | G81: 808.57 | H81: =TRUNC(TRUNC(G81 * J4, 2) + G81, 2) -> 982.49 | I81: =TRUNC(F81 * H81,2) -> 982.49 | J81: =I81 / J3 -> 0.0018066785
A82: 2.6.6 | B82: 100682 | C82: SINAPI | D82: KIT DE PORTA DE MADEIRA FRISADA, SEMI-OCA (LEVE OU MÉDIA), PADRÃO POPULAR, 70X210CM, ESPESSURA DE 3CM, ITENS INCLUSOS: DOBRADIÇAS, MONTAGEM E INSTALAÇÃO DE BATENTE, FECHADURA COM EXECUÇÃO DO FURO - FORNECIMENTO E INSTALAÇÃO. AF_12/2019 | E82: UN | F82: 3 | G82: 640.42 | H82: =TRUNC(TRUNC(G82 * J4, 2) + G82, 2) -> 778.17 | I82: =TRUNC(F82 * H82,2) -> 2334.51 | J82: =I82 / J3 -> 0.0042928772
A83: 2.6.7 | B83: 110691 | C83: SBC | D83: PORTA COMPLETA MADEIRA 1 FL.0,80x2,10m-CORRER | E83: UN | F83: 1 | G83: 1125.66 | H83: =TRUNC(TRUNC(G83 * J4, 2) + G83, 2) -> 1367.78 | I83: =TRUNC(F83 * H83,2) -> 1367.78 | J83: =I83 / J3 -> 0.0025151795
A84: 2.6.8 | B84: 12676 | C84: ORSE | D84: Porta corta fogo 2,20x2,10m, duas folhas, abrir, classe P90, acabamento amadeirado, da DKS ou similar - inclusive batente | E84: un | F84: 2 | G84: 1911.34 | H84: =TRUNC(TRUNC(G84 * J4, 2) + G84, 2) -> 2322.46 | I84: =TRUNC(F84 * H84,2) -> 4644.92 | J84: =I84 / J3 -> 0.0085414375
A85: 2.6.9 | B85: 12983 | C85: ORSE | D85: Fechadura maçaneta externa com chave, cor cinza, para porta com barra antipânico simples, DKS ou similar | E85: un | F85: 2 | G85: 225.7 | H85: =TRUNC(TRUNC(G85 * J4, 2) + G85, 2) -> 274.24 | I85: =TRUNC(F85 * H85,2) -> 548.48 | J85: =I85 / J3 -> 0.0010085874
A86: 2.6.10 | B86: C4643 | C86: SEINFRA | D86: INSTALAÇÃO DE BARRA ANTI-PÂNICO DUPLA C/ TRAVA EM AÇO INOX DIÂM. 1 1/2 | E86: CJ | F86: 2 | G86: 1005.31 | H86: =TRUNC(TRUNC(G86 * J4, 2) + G86, 2) -> 1221.55 | I86: =TRUNC(F86 * H86,2) -> 2443.1 | J86: =I86 / J3 -> 0.0044925609
A87: 2.7 | D87: FORRO | F87: 1 | H87: =I88 + I89 -> 24414.84 | I87: =TRUNC(F87 * H87,2) -> 24414.84 | J87: =I87 / J3 -> 0.044895893
A88: 2.7.1 | B88: 96114 | C88: SINAPI | D88: FORRO EM DRYWALL, PARA AMBIENTES COMERCIAIS, INCLUSIVE ESTRUTURA BIRECIONAL DE FIXAÇÃO. AF_08/2023_PS | E88: m² | F88: 37.87 | G88: 50.9 | H88: =TRUNC(TRUNC(G88 * J4, 2) + G88, 2) -> 61.84 | I88: =TRUNC(F88 * H88,2) -> 2341.88 | J88: =I88 / J3 -> 0.0043064298
A89: 2.7.2 | B89: 104757 | C89: SINAPI | D89: FORRO EM FIBRA MINERAL, PARA AMBIENTES COMERCIAIS, INCLUSIVE ESTRUTURA DE FIXAÇÃO. AF_08/2023 | E89: m² | F89: 208 | G89: 87.34 | H89: =TRUNC(TRUNC(G89 * J4, 2) + G89, 2) -> 106.12 | I89: =TRUNC(F89 * H89,2) -> 22072.96 | J89: =I89 / J3 -> 0.040589463
A90: 2.8 | D90: INSTALAÇÕES HIDROSSANITARIAS | F90: 1 | H90: =I91 + I92 + I93 + I94 + I95 + I96 + I97 + I98 + I99 + I100 + I101 + I102 + I103 + I104 + I105 + I106 + I107 + I108 + I109 + I110 + I111 + I112 + I113 + I114 + I115 + I116 + I117 + I118 + I119 + I120 + I121 + I122 + I123 + I124 + I125 + I126 -> 14783.45 | I90: =TRUNC(F90 * H90,2) -> 14783.45 | J90: =I90 / J3 -> 0.027184949
A91: 2.8.1 | B91: 89429 | C91: SINAPI | D91: ADAPTADOR CURTO COM BOLSA E ROSCA PARA REGISTRO, PVC, SOLDÁVEL, DN 25MM X 3/4, INSTALADO EM RAMAL DE DISTRIBUIÇÃO DE ÁGUA - FORNECIMENTO E INSTALAÇÃO. AF_06/2022 | E91: UN | F91: 24 | G91: 4.01 | H91: =TRUNC(TRUNC(G91 * J4, 2) + G91, 2) -> 4.87 | I91: =TRUNC(F91 * H91,2) -> 116.88 | J91: =I91 / J3 -> 0.00021492797
A92: 2.8.2 | B92: 89366 | C92: SINAPI | D92: JOELHO 90 GRAUS COM BUCHA DE LATÃO, PVC, SOLDÁVEL, DN 25MM, X 3/4 INSTALADO EM RAMAL OU SUB-RAMAL DE ÁGUA - FORNECIMENTO E INSTALAÇÃO. AF_06/2022 | E92: UN | F92: 17 | G92: 11.3 | H92: =TRUNC(TRUNC(G92 * J4, 2) + G92, 2) -> 13.73 | I92: =TRUNC(F92 * H92,2) -> 233.41 | J92: =I92 / J3 -> 0.00042921233
A93: 2.8.3 | B93: 89366 | C93: SINAPI | D93: JOELHO 90 GRAUS COM BUCHA DE LATÃO, PVC, SOLDÁVEL, DN 25MM, X 3/4 INSTALADO EM RAMAL OU SUB-RAMAL DE ÁGUA - FORNECIMENTO E INSTALAÇÃO. AF_06/2022 | E93: UN | F93: 2 | G93: 11.3 | H93: =TRUNC(TRUNC(G93 * J4, 2) + G93, 2) -> 13.73 | I93: =TRUNC(F93 * H93,2) -> 27.46 | J93: =I93 / J3 -> 5.0495568e-05
A94: 2.8.4 | B94: 89408 | C94: SINAPI | D94: JOELHO 90 GRAUS, PVC, SOLDÁVEL, DN 25MM, INSTALADO EM RAMAL DE DISTRIBUIÇÃO DE ÁGUA - FORNECIMENTO E INSTALAÇÃO. AF_06/2022 | E94: UN | F94: 21 | G94: 5.71 | H94: =TRUNC(TRUNC(G94 * J4, 2) + G94, 2) -> 6.93 | I94: =TRUNC(F94 * H94,2) -> 145.53 | J94: =I94 / J3 -> 0.0002676118
A95: 2.8.5 | B95: 89617 | C95: SINAPI | D95: TE, PVC, SOLDÁVEL, DN 25MM, INSTALADO EM PRUMADA DE ÁGUA - FORNECIMENTO E INSTALAÇÃO. AF_06/2022 | E95: UN | F95: 13 | G95: 4.95 | H95: =TRUNC(TRUNC(G95 * J4, 2) + G95, 2) -> 6.01 | I95: =TRUNC(F95 * H95,2) -> 78.13 | J95: =I95 / J3 -> 0.00014367148
A96: 2.8.6 | B96: 94689 | C96: SINAPI | D96: TÊ COM BUCHA DE LATÃO NA BOLSA CENTRAL, PVC, SOLDÁVEL, DN 25 MM X 3/4", INSTALADO EM RESERVAÇÃO PREDIAL DE ÁGUA - FORNECIMENTO E INSTALAÇÃO. AF_04/2024 | E96: UN | F96: 3 | G96: 6.31 | H96: =TRUNC(TRUNC(G96 * J4, 2) + G96, 2) -> 7.66 | I96: =TRUNC(F96 * H96,2) -> 22.98 | J96: =I96 / J3 -> 4.2257398e-05
A97: 2.8.7 | B97: 89987 | C97: SINAPI | D97: REGISTRO DE GAVETA BRUTO, LATÃO, ROSCÁVEL, 3/4", COM ACABAMENTO E CANOPLA CROMADOS - FORNECIMENTO E INSTALAÇÃO. AF_08/2021 | E97: UN | F97: 12 | G97: 73.98 | H97: =TRUNC(TRUNC(G97 * J4, 2) + G97, 2) -> 89.89 | I97: =TRUNC(F97 * H97,2) -> 1078.68 | J97: =I97 / J3 -> 0.0019835601
A98: 2.8.8 | B98: 89402 | C98: SINAPI | D98: TUBO, PVC, SOLDÁVEL, DE 25MM, INSTALADO EM RAMAL DE DISTRIBUIÇÃO DE ÁGUA - FORNECIMENTO E INSTALAÇÃO. AF_06/2022 | E98: M | F98: 61.98 | G98: 8.6 | H98: =TRUNC(TRUNC(G98 * J4, 2) + G98, 2) -> 10.44 | I98: =TRUNC(F98 * H98,2) -> 647.07 | J98: =I98 / J3 -> 0.0011898823
A99: 2.8.9 | B99: 102623 | C99: SINAPI | D99: CAIXA D´ÁGUA EM POLIETILENO, 1000 LITROS (INCLUSOS TUBOS, CONEXÕES E TORNEIRA DE BÓIA) - FORNECIMENTO E INSTALAÇÃO. AF_06/2021 | E99: UN | F99: 1 | G99: 597.13 | H99: =TRUNC(TRUNC(G99 * J4, 2) + G99, 2) -> 725.57 | I99: =TRUNC(F99 * H99,2) -> 725.57 | J99: =I99 / J3 -> 0.0013342341
A100: 2.8.10 | B100: 72559 | C100: SINAPI | D100: JOELHO PVC 45º ESGOTO 40MM - FORNECIMENTO E INSTALACAO | E100: UN | F100: 5 | G100: 10.58 | H100: =TRUNC(TRUNC(G100 * J4, 2) + G100, 2) -> 12.85 | I100: =TRUNC(F100 * H100,2) -> 64.25 | J100: =I100 / J3 -> 0.00011814786
...

Sheet BDI
A1: (*) | B1: CONCEDENTE: | C1: CAMARA MUNICIPAL DE MAMANGUAPE-PB
B2: OBRA: | C2: OBRA DE CONSTRUÇÃO DE AUDITORIO E AREA DE VIVENCIA DA CAMARA MUNICIPAL DE MAMANGUAPE
A3: (*) | B3: REF. PREÇOS: | C3: SINAPI - ABRIL-2025 - NÃO DESONERADO
B5: CÁLCULO DA BONIFICAÇÃO E DESPESAS INDIRETAS
B7: CÁLCULO DE BDI | D7: 1 - Edificações | G7: 2 - Rodovias, Ferrovias, Pistas de Aeroportos, Infra Viária Urbana | J7: 3 - Abastecimento de Água, Coleta de Esgoto | M7: 4 - Estações e Redes de Distribuição de Energia Elétrica | P7: 5 - Portuárias, Marítimas e Fluviais | S7: 6 - Fornecimento de Materiais e Equipamentos
B8: Item componente do BDI | C8: % Info | D8: 1ºQ | E8: Médio | F8: 3º Q | G8: 1ºQ | H8: Médio | I8: 3º Q | J8: 1ºQ | K8: Médio | L8: 3º Q | M8: 1ºQ | N8: Médio | O8: 3º Q | P8: 1ºQ | Q8: Médio | R8: 3º Q | S8: 1ºQ | T8: Médio | U8: 3º Q
B9: Administração Central ( AC ) | C9: 4 | D9: 3 | E9: 4 | F9: 5.5 | G9: 3.8 | H9: 4.01 | I9: 4.67 | J9: 3.43 | K9: 4.93 | L9: 6.71 | M9: 5.29 | N9: 5.92 | O9: 7.93 | P9: 4 | Q9: 5.52 | R9: 7.85 | S9: 1.5 | T9: 3.45 | U9: 4.49
B10: Seguro e Garantia (G) | C10: 0.8 | D10: 0.8 | E10: 0.8 | F10: 1 | G10: 0.32 | H10: 0.4 | I10: 0.74 | J10: 0.28 | K10: 0.49 | L10: 0.75 | M10: 0.25 | N10: 0.51 | O10: 0.56 | P10: 0.81 | Q10: 1.22 | R10: 1.99 | S10: 0.3 | T10: 0.48 | U10: 0.82
B11: Risco (R) | C11: 0.97 | D11: 0.97 | E11: 1.27 | F11: 1.27 | G11: 0.5 | H11: 0.56 | I11: 0.97 | J11: 1 | K11: 1.39 | L11: 1.74 | M11: 1 | N11: 1.48 | O11: 1.97 | P11: 1.46 | Q11: 2.32 | R11: 3.16 | S11: 0.56 | T11: 0.85 | U11: 0.89
B12: Despesas Financeiras (DF) | C12: 0.59 | D12: 0.59 | E12: 1.23 | F12: 1.39 | G12: 1.02 | H12: 1.11 | I12: 1.21 | J12: 0.94 | K12: 0.99 | L12: 1.17 | M12: 1.01 | N12: 1.07 | O12: 1.11 | P12: 0.94 | Q12: 1.02 | R12: 1.33 | S12: 0.85 | T12: 0.85 | U12: 1.11
B13: Lucro (L) | C13: 7.18 | D13: 6.16 | E13: 7.4 | F13: 8.96 | G13: 6.64 | H13: 7.3 | I13: 8.69 | J13: 6.74 | K13: 8.04 | L13: 9.4 | M13: 8 | N13: 8.31 | O13: 9.51 | P13: 7.14 | Q13: 8.4 | R13: 10.43 | S13: 3.5 | T13: 5.11 | U13: 6.22
B14: Impostos (I) - PIS, COFINS, ISS | C14: =0.65+3+2.5 -> 6.15 | D14: Conforme Legislação Específica
B15: Observações | G15: VALORES DE BDI POR TIPO DE OBRA
B16: 1) Preencher apenas a coluna % Informado (Coluna C) | G16: Tipo de Obra | M16: 1ºQ | N16: Médio | O16: 3º Q
B17: 2) Os impostos (I) normalmente aplicáveis são: PIS (0,65%), COFINS (3,00%), ISS* (5,00% município Mamanguape - PB). | G17: 1 - Edificações | M17: 20.34 | N17: 22.12 | O17: 25
G18: 2 - Rodovias, Ferrovias, Pistas de Aeroportos, Infra Viária Urbana | M18: 19.6 | N18: 20.97 | O18: 24.23
B19: 3) O cálculo do BDI se baseia na fórmula abaixo utilizada pelo Acórdão 2622/13 do TCU, conforme CE GEPAD 354/2013 de 17/10/2013. | G19: 3 - Abastecimento de Água, Coleta de Esgotos | M19: 20.76 | N19: 24.18 | O19: 26.44
G20: 4 - Estações e Redes de Distribuição de Energia Elétrica | M20: 24 | N20: 25.84 | O20: 27.86
G21: 5 - Portuárias, Marítimas e Fluviais | M21: 22.8 | N21: 27.48 | O21: 30.95
B22: Fórmula Utilizada: | G22: 6 - Fornecimento de Materiais e Equipamentos | M22: 11.1 | N22: 14.02 | O22: 16.8
B26: B.D.I = | C26: =ROUND(((1+(C9+C10+C11)/100)*((1+C12/100)*(1+C13/100))/(1-C14/100))-1,4) -> 0.2151
B27: Observações sobre os % informados no cálculo do BDI, neste caso:
B28: =C2 -> OBRA DE CONSTRUÇÃO DE AUDITORIO E AREA DE VIVENCIA DA CAMARA MUNICIPAL DE MAMANGUAPE
B29: * A alíquota de ISS (Imposto Sobre Serviço) do município é de 5%, porém a alíquota incidente sobre o total da nota fiscal de serviço praticada do município é 50% de 5% = 2,5%, em caso de obra.
B30: Os valores % informados se enquadram nos limites do Acordão 2622/2013-TCU-Plenário (CPRB desconsiderado)

Sheet Buttons
B1: Obra | C1: Bancos | D1: B.D.I. | F1: Encargos Sociais
B2: Obra de Construção de Auditorio e Area de Vivencia da Camara Municipal de Mamanguape | C2: SINAPI - 04/2025 - Paraíba SBC - 06/2025 - Paraíba ORSE - 03/2025 - Sergipe SEINFRA - 028 - Ceará | D2: 21,51% | F2: Não Desonerado: embutido nos preços unitário dos insumos de mão de obra, de acordo com as bases.
A3: Cronograma Físico e Financeiro
A4: Item | B4: Descrição | C4: Total Por Etapa | D4: 30 DIAS | E4: 60 DIAS | F4: 90 DIAS | G4: 120 DIAS | H4: 150 DIAS | I4: 180 DIAS | J4: 210 DIAS | K4: 240 DIAS
A5: 1 | B5: SERVIÇOS PRELIMINARES | C5: 100,00% 2.767,09 | D5: 100,00% 2.767,09
A6: 2 | B6: AUDITORIO | C6: 100,00% 506.193,96 | D6: 10,00% 50.579,57 | E6: 10,57% 53.476,97 | F6: 10,71% 54.186,63 | G6: 13,11% 66.305,02 | H6: 10,27% 51.953,41 | I6: 17,01% 103.456,22 | J6: 16,83% 92104,85 | K6: 11,49% 68568,59
A7: 2.1 | B7: RETIRADAS E DEMOLIÇÕES | C7: 100,00% 17.419,03 | D7: 100,00% 17.419,03
A8: 2.2 | B8: SUPERESTRUTURAS | C8: 100,00% 55.953,83 | D8: 60,00% 33.572,30 | E8: 40,00% 22.381,53
A9: 2.3 | B9: ALVENARIAS E ELEVAÇÕES | C9: 100,00% 85.984,58 | E9: 20,00% 17.196,92 | F9: 40,00% 34.393,83 | G9: 40,00% 34.393,83
A10: 2.4 | B10: INSTALAÇÕES ELETRICAS | C10: 100,00% 25.201,75 | H10: 20,00% 5.040,35 | I10: 30,00% 7.560,53 | J10: 30,00% 7.560,53 | K10: 20,00% 5.040,35
A11: 2.5 | B11: LOUÇAS E METAIS | C11: 100,00% 27.378,93 | J11: 50,00% 13.689,47 | K11: 50,00% 13.689,47
A12: 2.6 | B12: ESQUADRIAS | C12: 100,00% 35.552,87 | J12: 50,00% 17.776,43 | K12: 50,00% 17.776,44
A13: 2.7 | B13: FORRO | C13: 100,00% 24.414,84 | J13: 40,00% 9.765,94 | K13: 60,00% 14.648,90
A14: 2.8 | B14: INSTALAÇÕES HIDROSSANITARIAS | C14: 100,00% 14.783,45 | G14: 30,00% 4.435,04 | H14: 30,00% 4.435,04 | I14: 40,00% 5.913,38
A15: 2.9 | B15: COBERTA | C15: 100,00% 89.301,37 | H15: 30,00% 26.790,41 | I15: 40,00% 35.720,55 | J15: 30,00% 26.790,41
A16: 2.10 | B16: PISO | C16: 100,00% 29.471,37 | E16: 20,00% 5.894,27 | F16: 40,00% 11.788,55 | G16: 40,00% 11.788,55
A17: 2.11 | B17: EMASSAMENTO E PINTURA | C17: 100,00% 31.840,87 | I17: 50,00% 15.920,44 | J17: 30,00% 9.552,26 | K17: 20,00% 6.368,17
A18: 2.12 | B18: REVESTIMENTOS | C18: 100,00% 52.292,03 | G18: 30,00% 15.687,61 | H18: 30,00% 15.687,61 | I18: 40,00% 20.916,81
A19: 2.13 | B19: EMBASAMENTO E IMPERMEABILIZAÇÕES | C19: 100,00% 16.008,50 | E19: 50,00% 8.004,25 | F19: 50,00% 8.004,25
A20: 2.14 | B20: DIVERSOS | C20: 100,00% 590,54 | K20: 100,00% 590,54
A21: 3 | B21: AREA DE VIVENCIA | C21: 100,00% 34.849,05 | I21: 50,00% 17.424,53 | J21: 20,00% 6.969,81 | K21: 30,00% 10.454,72
A22: Porcentagem | D22: 9,82% | E22: 9,84% | F22: 9,97% | G22: 12,2% | H22: 9,56% | I22: 19,04% | J22: 16,95% | K22: 12,62%
A23: Custo | D23: =2767.09+17419.03+33572.3 -> 53758.42 | E23: 53476.97 | F23: 54186.63 | G23: 66305.02 | H23: 51953.4 | I23: 103456.22 | J23: =7560.53+13689.47+17776.43+9765.94+26790.41+9552.26+6969.81 -> 92104.85 | K23: =5040.35+13689.47+17776.44+14648.9+6368.17+590.54+10454.72 -> 68568.59
A24: Porcentagem Acumulado | D24: 9,82% | E24: 19,66% | F24: 29,63% | G24: 41,83% | H24: 51,39% | I24: 70,43% | J24: 87,38% | K24: 100,0%
A25: Custo Acumulado | D25: =D23 -> 53758.42 | E25: =D25+E23 -> 107235.39 | F25: =E25+F23 -> 161422.02 | G25: =F25+G23 -> 227727.04 | H25: =G25+H23 -> 279680.44 | I25: =H25+I23 -> 383136.66 | J25: =I25+J23 -> 475241.51 | K25: =J25+K23 -> 543810.1
A28: _______________________________________________________________

Sheet ENCARGOS SEM DESON.
A1: Quadro de Detalhamento dos Encargos Sociais
A2: SEM DESONERAÇÃO
A4: GRUPO A | C4: Horista | D4: Mensalista
A5: A1 | B5: INSS | C5: 0.2 | D5: 0.2
A6: A2 | B6: SESI | C6: 0.015 | D6: 0.015
A7: A3 | B7: SENAI | C7: 0.01 | D7: 0.01
A8: A4 | B8: INCRA | C8: 0.002 | D8: 0.002
A9: A5 | B9: SEBRAE | C9: 0.006 | D9: 0.006
A10: A6 | B10: SALÁRIO EDUCAÇÃO | C10: 0.025 | D10: 0.025
A11: A7 | B11: SEGURO CONTRA ACIDENTES DO TRABALHO | C11: 0.03 | D11: 0.03
A12: A8 | B12: FGTS | C12: 0.08 | D12: 0.08
A13: A9 | B13: SECONCI (não se aplica) | C13: 0 | D13: 0
A14: A | B14: Total | C14: =SUM(C5:C13) -> 0.368 | D14: =SUM(D5:D13) -> 0.368
A15: GRUPO B | C15: Horista | D15: Mensalista
A16: B1 | B16: Repouso semanal remunerado | C16: 0.1802 | D16: não incide
A17: B2 | B17: Feriados | C17: 0.0431 | D17: não incide
A18: B3 | B18: Auxílio Enfermidade | C18: 0.0086 | D18: 0.0065
A19: B4 | B19: 13º salário | C19: 0.1096 | D19: 0.0833
A20: B5 | B20: Licença Paternidade | C20: 0.0007 | D20: 0.0005
A21: B6 | B21: Faltas Justificadas | C21: 0.0073 | D21: 0.0056
A22: B7 | B22: Dias de Chuvas | C22: 0.0204 | D22: não incide
A23: B8 | B23: Auxílio Acidente de Trabalho | C23: 0.001 | D23: 0.0007
A24: B9 | B24: Férias gozadas | C24: 0.0976 | D24: 0.0742
A25: B10 | B25: Salário maternidade | C25: 0.0003 | D25: 0.0003
A26: B | B26: Total | C26: =SUM(C16:C25) -> 0.4688 | D26: =SUM(D16:D25) -> 0.1711
A27: GRUPO C | C27: Horista | D27: Mensalista
A28: C1 | B28: Aviso prévio indenizado | C28: 0.0453 | D28: 0.0345
A29: C2 | B29: Aviso prévio trabalhado | C29: 0.0011 | D29: 0.0008
A30: C3 | B30: Férias indenizadas | C30: 0.0429 | D30: 0.0323
A31: C4 | B31: Depósito rescisão sem justa causa | C31: 0.0296 | D31: 0.0228
A32: C5 | B32: Indenização adicional | C32: 0.0038 | D32: 0.0029
A33: C | B33: Total | C33: =SUM(C28:C32) -> 0.1227 | D33: =SUM(D28:D32) -> 0.0933
A34: GRUPO D | C34: Horista | D34: Mensalista
A35: D1 | B35: Reincidência do Grupo A sobre o Grupo B | C35: 0.1725 | D35: 0.063
A36: D2 | B36: Reincidência de Grupo A sobre Aviso Prévio Trabalhado e Reincidência do FGTS sobre Aviso prévio Indenizado | C36: 0.004 | D36: 0.0031
A37: D | B37: Total | C37: =SUM(C35:C36) -> 0.1765 | D37: =SUM(D35:D36) -> 0.0661
A38: TOTAL (A+B+C+D) | C38: =C37+C33+C26+C14 -> 1.136 | D38: =D37+D33+D26+D14 -> 0.6985

Sheet Orçamento Analítico
D1: Obra | E1: Bancos | G1: B.D.I. | I1: Encargos Sociais
D2: Obra de Construção de Auditorio e Area de Vivencia da Camara Municipal de Mamanguape | E2: SINAPI - 04/2025 - Paraíba SBC - 06/2025 - Paraíba ORSE - 03/2025 - Sergipe SEINFRA - 028 - Ceará | G2: 21,51% | I2: Não Desonerado: embutido nos preços unitário dos insumos de mão de obra, de acordo com as bases.
A3: Planilha Orçamentária Analítica
A4: 1 | D4: SERVIÇOS PRELIMINARES
B5: Código | C5: Banco | D5: Descrição | E5: Tipo | G5: Und | H5: Quant. | I5: Valor Unit | J5: Total
A6: Insumo | B6: PAV4 | C6: Próprio | D6: ART DE EXECUÇÃO | E6: Taxas | G6: Und | H6: 1 | I6: 208.19 | J6: 208.19
E7: MO sem LS => | F7: 0 | G7: LS => | H7: 0 | I7: MO com LS => | J7: 0
E8: Valor do BDI => | H8: Valor com BDI => | J8: 252.97
G9: Quant. => | H9: 1,00 | I9: Preço Total => | J9: 252.97
A11: 1.2 | B11: Código | C11: Banco | D11: Descrição | E11: Tipo | G11: Und | H11: Quant. | I11: Valor Unit | J11: Total
A12: Composição | B12: 103689 | C12: SINAPI | D12: FORNECIMENTO E INSTALAÇÃO DE PLACA DE OBRA COM CHAPA GALVANIZADA E ESTRUTURA DE MADEIRA. AF_03/2022_PS | E12: PAVI - PAVIMENTAÇÃO | G12: m² | H12: 1 | I12: 344.85 | J12: 344.85
A13: Composição Auxiliar | B13: 88316 | C13: SINAPI | D13: SERVENTE COM ENCARGOS COMPLEMENTARES | E13: SEDI - SERVIÇOS DIVERSOS | G13: H | H13: 1.1186 | I13: 15.17 | J13: 16.96
A14: Composição Auxiliar | B14: 88262 | C14: SINAPI | D14: CARPINTEIRO DE FORMAS COM ENCARGOS COMPLEMENTARES | E14: SEDI - SERVIÇOS DIVERSOS | G14: H | H14: 0.3729 | I14: 18.4 | J14: 6.86
A15: Composição Auxiliar | B15: 102234 | C15: SINAPI | D15: PINTURA IMUNIZANTE PARA MADEIRA, 2 DEMÃOS. AF_01/2021 | E15: PINT - PINTURAS | G15: m² | H15: 0.5 | I15: 17.12 | J15: 8.56
A16: Insumo | B16: 00005069 | C16: SINAPI | D16: PREGO DE ACO POLIDO COM CABECA 17 X 27 (2 1/2 X 11) | E16: Material | G16: KG | H16: 0.0132 | I16: 15.43 | J16: 0.2
A17: Insumo | B17: 00005065 | C17: SINAPI | D17: PREGO DE ACO POLIDO COM CABECA 10 X 10 (7/8 X 17) | E17: Material | G17: KG | H17: 0.0113 | I17: 28.77 | J17: 0.32
A18: Insumo | B18: 00004813 | C18: SINAPI | D18: PLACA DE OBRA (PARA CONSTRUCAO CIVIL) EM CHAPA GALVANIZADA *N. 22*, ADESIVADA, DE *2,4 X 1,2* M (SEM POSTES PARA FIXACAO) | E18: Material | G18: M² | H18: 1 | I18: 297.42 | J18: 297.42
A19: Insumo | B19: 00004509 | C19: SINAPI | D19: SARRAFO *2,5 X 10* CM EM PINUS, MISTA OU EQUIVALENTE DA REGIAO - BRUTA | E19: Material | G19: M | H19: 3.2083 | I19: 4.53 | J19: 14.53
E20: MO sem LS => | F20: 21.37 | G20: LS => | H20: 0 | I20: MO com LS => | J20: 21.37
E21: Valor do BDI => | F21: 74.17 | H21: Valor com BDI => | J21: 419.02
G22: Quant. => | H22: 6,00 | I22: Preço Total => | J22: 2514.12
A24: 2 | D24: AUDITORIO
A25: 2.1 | D25: RETIRADAS E DEMOLIÇÕES
A26: 2.1.1 | B26: Código | C26: Banco | D26: Descrição | E26: Tipo | G26: Und | H26: Quant. | I26: Valor Unit | J26: Total
A27: Composição | B27: 97635 | C27: SINAPI | D27: REMOÇÃO DE PISO DE BLOCO INTERTRAVADO OU DE PEDRA PORTUGUESA, DE FORMA MANUAL, COM REAPROVEITAMENTO. AF_09/2023 | E27: SERP - SERVIÇOS PRELIMINARES | G27: m² | H27: 1 | I27: 12.21 | J27: =SUM(J28:J29) -> 13.463842
A28: Composição Auxiliar | B28: 88260 | C28: SINAPI | D28: CALCETEIRO COM ENCARGOS COMPLEMENTARES | E28: SEDI - SERVIÇOS DIVERSOS | G28: H | H28: 0.5477 | I28: 18.73 | J28: =H28*I28 -> 10.258421
A29: Composição Auxiliar | B29: 88316 | C29: SINAPI | D29: SERVENTE COM ENCARGOS COMPLEMENTARES | E29: SEDI - SERVIÇOS DIVERSOS | G29: H | H29: 0.2113 | I29: 15.17 | J29: =H29*I29 -> 3.205421
E30: MO sem LS => | F30: 9.5 | G30: LS => | H30: 0 | I30: MO com LS => | J30: 9.5
E31: Valor do BDI => | F31: 2.62 | H31: Valor com BDI => | J31: ='Orçamento Sintético'!H11 -> 16.35
G32: Quant. => | H32: 270,89 | I32: Preço Total => | J32: ='Orçamento Sintético'!I11 -> 4429.05
A34: 2.1.2 | B34: Código | C34: Banco | D34: Descrição | E34: Tipo | G34: Und | H34: Quant. | I34: Valor Unit | J34: Total
A35: Composição | B35: 022974 | C35: SBC | D35: REMOCAO POSTE METALICO ENGT CONCR DE 5A7M C/E S/ REAPROVEIT. | E35: DEMOLICOES | G35: UN | H35: 1 | I35: 577.25 | J35: 577.25
A36: Insumo | B36: 099806 | C36: SBC | D36: AJUDANTE DE ELETRICISTA | E36: Mão de Obra | G36: H | H36: 1.547 | I36: 13.67 | J36: 21.14
A37: Insumo | B37: 030542 | C37: SBC | D37: CAMINHAO GUINDAUTO MERCEDES L1620 8tn 200CV | E37: Material | G37: H | H37: 0.45 | I37: 97.4 | J37: 43.83
A38: Insumo | B38: 099900 | C38: SBC | D38: SERVENTE | E38: Mão de Obra | G38: H | H38: 15.305 | I38: 11.06 | J38: 169.27
A39: Insumo | B39: 012620 | C39: SBC | D39: CABO DE COBRE NU MEIO DURO 7 FIOS 35mm2 | E39: Material | G39: M | H39: 9 | I39: 26.62 | J39: 239.58
A40: Insumo | B40: 099250 | C40: SBC | D40: ELETRICISTA | E40: Mão de Obra | G40: H | H40: 5.022 | I40: 15.15 | J40: 76.08
A41: Insumo | B41: 099050 | C41: SBC | D41: PEDREIRO | E41: Mão de Obra | G41: H | H41: 1.898 | I41: 14.41 | J41: 27.35
E42: MO sem LS => | F42: 293.84 | G42: LS => | H42: 0 | I42: MO com LS => | J42: 293.84
E43: Valor do BDI => | F43: 124.16 | H43: Valor com BDI => | J43: 701.41
G44: Quant. => | H44: 3,00 | I44: Preço Total => | J44: 2104.23
A46: 2.1.3 | B46: Código | C46: Banco | D46: Descrição | E46: Tipo | G46: Und | H46: Quant. | I46: Valor Unit | J46: Total
A47: Composição | B47: 105009 | C47: SINAPI | D47: LOCAÇÃO CONVENCIONAL DE OBRA, UTILIZANDO GABARITO DE TÁBUAS CORRIDAS PONTALETADAS A CADA 1,50M - 2 UTILIZAÇÕES. AF_03/2024 | E47: SERT - SERVIÇOS TÉCNICOS | G47: M | H47: 1 | I47: 54.7 | J47: 54.7
A48: Composição Auxiliar | B48: 91692 | C48: SINAPI | D48: SERRA CIRCULAR DE BANCADA COM MOTOR ELÉTRICO POTÊNCIA DE 5HP, COM COIFA PARA DISCO 10" - CHP DIURNO. AF_08/2015 | E48: CHOR - CUSTOS HORÁRIOS DE MÁQUINAS E EQUIPAMENTOS | G48: CHP | H48: 0.0093 | I48: 18.68 | J48: 0.17
A49: Composição Auxiliar | B49: 91693 | C49: SINAPI | D49: SERRA CIRCULAR DE BANCADA COM MOTOR ELÉTRICO POTÊNCIA DE 5HP, COM COIFA PARA DISCO 10" - CHI DIURNO. AF_08/2015 | E49: CHOR - CUSTOS HORÁRIOS DE MÁQUINAS E EQUIPAMENTOS | G49: CHI | H49: 0.0374 | I49: 17.9 | J49: 0.66
A50: Composição Auxiliar | B50: 94974 | C50: SINAPI | D50: CONCRETO MAGRO PARA LASTRO, TRAÇO 1:4,5:4,5 (EM MASSA SECA DE CIMENTO/ AREIA MÉDIA/ BRITA 1) - PREPARO MANUAL. AF_05/2021 | E50: FUES - FUNDAÇÕES E ESTRUTURAS | G50: m³ | H50: 0.0054 | I50: 342.23 | J50: 1.84
A51: Composição Auxiliar | B51: 88239 | C51: SINAPI | D51: AJUDANTE DE CARPINTEIRO COM ENCARGOS COMPLEMENTARES | E51: SEDI - SERVIÇOS DIVERSOS | G51: H | H51: 0.9103 | I51: 15.64 | J51: 14.23
A52: Composição Auxiliar | B52: 88262 | C52: SINAPI | D52: CARPINTEIRO DE FORMAS COM ENCARGOS COMPLEMENTARES | E52: SEDI - SERVIÇOS DIVERSOS | G52: H | H52: 0.9103 | I52: 18.4 | J52: 16.74
A53: Insumo | B53: 00010567 | C53: SINAPI | D53: TABUA *2,5 X 23* CM EM PINUS, MISTA OU EQUIVALENTE DA REGIAO - BRUTA | E53: Material | G53: M | H53: 0.55 | I53: 10.11 | J53: 5.56
A54: Insumo | B54: 00004433 | C54: SINAPI | D54: CAIBRO NAO APARELHADO *6 X 6* CM, EM MACARANDUBA/MASSARANDUBA, ANGELIM OU EQUIVALENTE DA REGIAO - BRUTA | E54: Material | G54: M | H54: 0.55 | I54: 17.34 | J54: 9.53
A55: Insumo | B55: 00005068 | C55: SINAPI | D55: PREGO DE ACO POLIDO COM CABECA 17 X 21 (2 X 11) | E55: Material | G55: KG | H55: 0.1012 | I55: 15.13 | J55: 1.53
A56: Insumo | B56: 00004417 | C56: SINAPI | D56: SARRAFO NAO APARELHADO *2,5 X 7* CM, EM MACARANDUBA/MASSARANDUBA, ANGELIM, PEROBA-ROSA OU EQUIVALENTE DA REGIAO - BRUTA | E56: Material | G56: M | H56: 0.8093 | I56: 4.82 | J56: 3.9
A57: Insumo | B57: 00007356 | C57: SINAPI | D57: TINTA LATEX ACRILICA PREMIUM, COR BRANCO FOSCO | E57: Material | G57: L | H57: 0.0256 | I57: 21.22 | J57: 0.54
E58: MO sem LS => | F58: 25.15 | G58: LS => | H58: 0 | I58: MO com LS => | J58: 25.15
E59: Valor do BDI => | F59: 11.76 | H59: Valor com BDI => | J59: 66.46
G60: Quant. => | H60: 73,20 | I60: Preço Total => | J60: 4864.87
A62: 2.1.4 | B62: Código | C62: Banco | D62: Descrição | E62: Tipo | G62: Und | H62: Quant. | I62: Valor Unit | J62: Total
A63: Composição | B63: 101134 | C63: SINAPI | D63: ESCAVAÇÃO HORIZONTAL, INCLUINDO CARGA, DESCARGA E TRANSPORTE EM SOLO DE 1A CATEGORIA COM TRATOR DE ESTEIRAS (100HP/LÂMINA: 2,19M3) E CAMINHÃO BASCULANTE DE 10M3, DMT ATÉ 200M. AF_07/2020 | E63: MOVT - MOVIMENTO DE TERRA | G63: m³ | H63: 1 | I63: 11.45 | J63: 11.45
A64: Composição Auxiliar | B64: 89032 | C64: SINAPI | D64: TRATOR DE ESTEIRAS, POTÊNCIA 100 HP, PESO OPERACIONAL 9,4 T, COM LÂMINA 2,19 M3 - CHP DIURNO. AF_06/2014 | E64: CHOR - CUSTOS HORÁRIOS DE MÁQUINAS E EQUIPAMENTOS | G64: CHP | H64: 0.0115 | I64: 144.94 | J64: 1.66
A65: Composição Auxiliar | B65: 89031 | C65: SINAPI | D65: TRATOR DE ESTEIRAS, POTÊNCIA 100 HP, PESO OPERACIONAL 9,4 T, COM LÂMINA 2,19 M3 - CHI DIURNO. AF_06/2014 | E65: CHOR - CUSTOS HORÁRIOS DE MÁQUINAS E EQUIPAMENTOS | G65: CHI | H65: 0.0195 | I65: 53.54 | J65: 1.04
A66: Composição Auxiliar | B66: 88316 | C66: SINAPI | D66: SERVENTE COM ENCARGOS COMPLEMENTARES | E66: SEDI - SERVIÇOS DIVERSOS | G66: H | H66: 0.031 | I66: 15.17 | J66: 0.47
A67: Composição Auxiliar | B67: 93589 | C67: SINAPI | D67: TRANSPORTE COM CAMINHÃO BASCULANTE DE 10 M³, EM VIA URBANA EM REVESTIMENTO PRIMÁRIO (UNIDADE: M3XKM). AF_07/2020 | E67: TRAN - TRANSPORTES, CARGAS E DESCARGAS | G67: M3XKM | H67: 0.25 | I67: 2 | J67: 0.5
A68: Composição Auxiliar | B68: 100974 | C68: SINAPI | D68: CARGA, MANOBRA E DESCARGA DE SOLOS E MATERIAIS GRANULARES EM CAMINHÃO BASCULANTE 10 M³ - CARGA COM PÁ CARREGADEIRA (CAÇAMBA DE 1,7 A 2,8 M³ / 128 HP) E DESCARGA LIVRE (UNIDADE: M3). AF_07/2020 | E68: TRAN - TRANSPORTES, CARGAS E DESCARGAS | G68: m³ | H68: 1.25 | I68: 6.23 | J68: 7.78
E69: MO sem LS => | F69: 1.81 | G69: LS => | H69: 0 | I69: MO com LS => | J69: 1.81
E70: Valor do BDI => | F70: 2.46 | H70: Valor com BDI => | J70: 13.91
G71: Quant. => | H71: 390,71 | I71: Preço Total => | J71: 5434.77
A73: 2.1.5 | B73: Código | C73: Banco | D73: Descrição | E73: Tipo | G73: Und | H73: Quant. | I73: Valor Unit | J73: Total
A74: Composição | B74: 97621 | C74: SINAPI | D74: DEMOLIÇÃO DE ALVENARIA DE BLOCO FURADO, DE FORMA MANUAL, COM REAPROVEITAMENTO. AF_09/2023 | E74: SERP - SERVIÇOS PRELIMINARES | G74: m³ | H74: 1 | I74: 82.04 | J74: 82.04
A75: Composição Auxiliar | B75: 88309 | C75: SINAPI | D75: PEDREIRO COM ENCARGOS COMPLEMENTARES | E75: SEDI - SERVIÇOS DIVERSOS | G75: H | H75: 0.7266 | I75: 18.88 | J75: 13.71
A76: Composição Auxiliar | B76: 88316 | C76: SINAPI | D76: SERVENTE COM ENCARGOS COMPLEMENTARES | E76: SEDI - SERVIÇOS DIVERSOS | G76: H | H76: 4.5047 | I76: 15.17 | J76: 68.33
E77: MO sem LS => | F77: 61.7 | G77: LS => | H77: 0 | I77: MO com LS => | J77: 61.7
E78: Valor do BDI => | F78: 17.64 | H78: Valor com BDI => | J78: 99.68
G79: Quant. => | H79: 5,88 | I79: Preço Total => | J79: 586.11
A81: 2.2 | D81: SUPERESTRUTURAS
A82: 2.2.1 | B82: Código | C82: Banco | D82: Descrição | E82: Tipo | G82: Und | H82: Quant. | I82: Valor Unit | J82: Total
A83: Composição | B83: 104918 | C83: SINAPI | D83: ARMAÇÃO DE SAPATA ISOLADA, VIGA BALDRAME E SAPATA CORRIDA UTILIZANDO AÇO CA-50 DE 8 MM - MONTAGEM. AF_01/2024 | E83: FUES - FUNDAÇÕES E ESTRUTURAS | G83: KG | H83: 1 | I83: 10.3 | J83: 10.3
A84: Composição Auxiliar | B84: 92802 | C84: SINAPI | D84: CORTE E DOBRA DE AÇO CA-50, DIÂMETRO DE 8,0 MM. AF_06/2022 | E84: FUES - FUNDAÇÕES E ESTRUTURAS | G84: KG | H84: 1 | I84: 7.25 | J84: 7.25
A85: Composição Auxiliar | B85: 88245 | C85: SINAPI | D85: ARMADOR COM ENCARGOS COMPLEMENTARES | E85: SEDI - SERVIÇOS DIVERSOS | G85: H | H85: 0.102 | I85: 18.73 | J85: 1.91
A86: Composição Auxiliar | B86: 88238 | C86: SINAPI | D86: AJUDANTE DE ARMADOR COM ENCARGOS COMPLEMENTARES | E86: SEDI - SERVIÇOS DIVERSOS | G86: H | H86: 0.039 | I86: 15.76 | J86: 0.61
A87: Insumo | B87: 00043132 | C87: SINAPI | D87: ARAME RECOZIDO 16 BWG, D = 1,65 MM (0,016 KG/M) OU 18 BWG, D = 1,25 MM (0,01 KG/M) | E87: Material | G87: KG | H87: 0.025 | I87: 18.22 | J87: 0.45
A88: Insumo | B88: 00039017 | C88: SINAPI | D88: ESPACADOR / DISTANCIADOR CIRCULAR COM ENTRADA LATERAL, EM PLASTICO, PARA VERGALHAO *4,2 A 12,5* MM, COBRIMENTO 20 MM | E88: Material | G88: UN | H88: 0.503 | I88: 0.17 | J88: 0.08
E89: MO sem LS => | F89: 2.22 | G89: LS => | H89: 0 | I89: MO com LS => | J89: 2.22
E90: Valor do BDI => | F90: 2.21 | H90: Valor com BDI => | J90: 12.51
G91: Quant. => | H91: 71,00 | I91: Preço Total => | J91: 888.21
A93: 2.2.2 | B93: Código | C93: Banco | D93: Descrição | E93: Tipo | G93: Und | H93: Quant. | I93: Valor Unit | J93: Total
A94: Composição | B94: 92760 | C94: SINAPI | D94: ARMAÇÃO DE PILAR OU VIGA DE ESTRUTURA CONVENCIONAL DE CONCRETO ARMADO UTILIZANDO AÇO CA-50 DE 6,3 MM - MONTAGEM. AF_06/2022 | E94: FUES - FUNDAÇÕES E ESTRUTURAS | G94: KG | H94: 1 | I94: 9.57 | J94: 9.57
A95: Composição Auxiliar | B95: 88238 | C95: SINAPI | D95: AJUDANTE DE ARMADOR COM ENCARGOS COMPLEMENTARES | E95: SEDI - SERVIÇOS DIVERSOS | G95: H | H95: 0.0129 | I95: 15.76 | J95: 0.2
A96: Composição Auxiliar | B96: 92801 | C96: SINAPI | D96: CORTE E DOBRA DE AÇO CA-50, DIÂMETRO DE 6,3 MM. AF_06/2022 | E96: FUES - FUNDAÇÕES E ESTRUTURAS | G96: KG | H96: 1 | I96: 7.29 | J96: 7.29
A97: Composição Auxiliar | B97: 88245 | C97: SINAPI | D97: ARMADOR COM ENCARGOS COMPLEMENTARES | E97: SEDI - SERVIÇOS DIVERSOS | G97: H | H97: 0.079 | I97: 18.73 | J97: 1.47
A98: Insumo | B98: 00039017 | C98: SINAPI | D98: ESPACADOR / DISTANCIADOR CIRCULAR COM ENTRADA LATERAL, EM PLASTICO, PARA VERGALHAO *4,2 A 12,5* MM, COBRIMENTO 20 MM | E98: Material | G98: UN | H98: 0.97 | I98: 0.17 | J98: 0.16
A99: Insumo | B99: 00043132 | C99: SINAPI | D99: ARAME RECOZIDO 16 BWG, D = 1,65 MM (0,016 KG/M) OU 18 BWG, D = 1,25 MM (0,01 KG/M) | E99: Material | G99: KG | H99: 0.025 | I99: 18.22 | J99: 0.45
E100: MO sem LS => | F100: 1.82 | G100: LS => | H100: 0 | I100: MO com LS => | J100: 1.82
E101: Valor do BDI => | F101: 2.05 | H101: Valor com BDI => | J101: 11.62
G102: Quant. => | H102: 1,50 | I102: Preço Total => | J102: 17.43
A104: 2.2.3 | B104: Código | C104: Banco | D104: Descrição | E104: Tipo | G104: Und | H104: Quant. | I104: Valor Unit | J104: Total
A105: Composição | B105: 92761 | C105: SINAPI | D105: ARMAÇÃO DE PILAR OU VIGA DE ESTRUTURA CONVENCIONAL DE CONCRETO ARMADO UTILIZANDO AÇO CA-50 DE 8,0 MM - MONTAGEM. AF_06/2022 | E105: FUES - FUNDAÇÕES E ESTRUTURAS | G105: KG | H105: 1 | I105: 9.01 | J105: 9.01
A106: Composição Auxiliar | B106: 88238 | C106: SINAPI | D106: AJUDANTE DE ARMADOR COM ENCARGOS COMPLEMENTARES | E106: SEDI - SERVIÇOS DIVERSOS | G106: H | H106: 0.0092 | I106: 15.76 | J106: 0.14
A107: Composição Auxiliar | B107: 92802 | C107: SINAPI | D107: CORTE E DOBRA DE AÇO CA-50, DIÂMETRO DE 8,0 MM. AF_06/2022 | E107: FUES - FUNDAÇÕES E ESTRUTURAS | G107: KG | H107: 1 | I107: 7.25 | J107: 7.25
A108: Composição Auxiliar | B108: 88245 | C108: SINAPI | D108: ARMADOR COM ENCARGOS COMPLEMENTARES | E108: SEDI - SERVIÇOS DIVERSOS | G108: H | H108: 0.0561 | I108: 18.73 | J108: 1.05
A109: Insumo | B109: 00043132 | C109: SINAPI | D109: ARAME RECOZIDO 16 BWG, D = 1,65 MM (0,016 KG/M) OU 18 BWG, D = 1,25 MM (0,01 KG/M) | E109: Material | G109: KG | H109: 0.025 | I109: 18.22 | J109: 0.45
...
